AoeStats
← Prometheus

Arena

509933889Analyzed
1v1 RM · 4d ago on Sep 28, 2026· 44m 13s· 2 players
Game mode
Random Map
Map size
Tiny (2 player)
Population
200
Speed
Normal
Resources
Standard
Victory
Conquest
Starting age
Dark Age
Ending age
Imperial Age
RankedLock teamsTeams togetherTeam positionsShared explorationLock speedFull tech treeHidden civsTurbo modeCheats
Victory
Defeat
🇬🇧 Turks · United Kingdom
994
+15
🇨🇳 Magyars · China
969
-15
我不吃牛肉
10:15 Feudal Age
14:21 Castle Age
12:34 Double-Bit Axe
22:20 Bow Saw
28:19 Gold Mining
28:03 Pikeman
32:00 Imperial Age
30:19 Fletching
30:57 Bodkin Arrow
31:19 Padded Archer Armor
31:57 Wheelbarrow
31:08 Loom
31:12 Horse Collar
32:37 Leather Archer Armor
32:24 Scale Mail Armor
33:33 Heavy Cavalry Archer
34:21 Bracer
35:31 Ring Archer Armor
36:05 Chemistry
35:54 Hand Cart
36:12 Parthian Tactics
36:55 Heavy Plow
37:06 Thumb Ring
38:22 Scale Barding Armor
39:21 Two-Man Saw
39:13 Gold Shaft Mining
38:48 Corvinian Army
38:10 Elite Magyar Huszar
39:14 Stone Mining
39:58 Crop Rotation
40:00 Bloodlines
39:50 Husbandry
40:16 Cavalier
42:32 Chain Barding Armor
42:02 Paladin
44:20 Plate Barding Armor
Prometheus
10:35 Feudal Age
12:03 Double-Bit Axe
16:34 Castle Age
15:18 Horse Collar
19:21 Scale Barding Armor
21:09 Bloodlines
21:11 Town Watch
21:13 Loom
22:29 Wheelbarrow
22:32 Forging
23:15 Bow Saw
23:43 Town Patrol
24:51 Husbandry
26:10 Chain Barding Armor
26:36 Hand Cart
26:38 Stone Mining
26:40 Gold Mining
28:54 Iron Casting
28:10 Fletching
30:02 Bodkin Arrow
31:10 Padded Archer Armor
34:29 Imperial Age
33:46 Leather Archer Armor
34:22 Heavy Plow
35:41 Conscription
35:22 Artillery
36:13 Plate Barding Armor
36:09 Ring Archer Armor
35:40 Bracer
37:04 Two-Man Saw
38:36 Blast Furnace
37:57 Elite Janissary
39:02 Heavy Camel Rider
Connection lost

Rejoining the realm…

Still unreachable

The connection could not be restored.

Session expired

The server has moved on; the page needs a fresh start.